 Dungeon Crawl Stone Soup version 0.20-a0-299-gec7c366 (webtiles) character file.

2938 Karnivor the Ruffian (level 9, -1/82 (84) HPs)
             Began as a Troll Warper on Dec 15, 2016.
             Was a Follower of Kikubaaqudgha.
             Slain by a two-headed ogre
             ... wielding a +0 giant club
              (14 damage)
             ... on level 7 of the Dungeon.
             The game lasted 00:44:46 (6496 turns).

Karnivor the Ruffian (Troll Warper)                 Turns: 6496, Time: 00:44:51

HP:   -1/82 (84)    AC:  7    Str: 21    XL:     9   Next: 51%
MP:   11/13         EV: 11    Int: 12    God:    Kikubaaqudgha [*.....]
Gold: 348           SH:  0    Dex:  9    Spells: 1/15 levels left

rFire  . . .     SeeInvis .       - Unarmed
rCold  . . .     Gourm    +     a - +1 robe
rNeg   . . .     Faith    .     (no shield)
rPois  .         Spirit   .     g - +1 hat
rElec  .         Reflect  .     (no cloak)
rCorr  .         Harm     .     (gloves unavailable)
MR     .....                    (boots unavailable)
Stlth  +.........               (no amulet)
                                (no ring)
                                (no ring)

@: no status effects
A: unfitting armour, claws 3, fast metabolism 3, gourmand, regeneration 1,
shaggy fur 1, tough skin 2
a: Receive Corpses, Renounce Religion


You were on level 7 of the Dungeon.
You worshipped Kikubaaqudgha.
Kikubaaqudgha was aware of your devotion.
You were completely stuffed.

You visited 2 branches of the dungeon, and saw 9 of its levels.

You collected 348 gold pieces.

Inventory:

Missiles
 b - 6 javelins
 d - 5 tomahawks of dispersal (quivered)
 r - 4 tomahawks
Armour
 a - a +1 robe (worn)
 g - a +1 hat (worn)
 H - a +0 shield
Jewellery
 A - an uncursed ring of ice
 C - an uncursed amulet of the gourmand {unknown}
Wands
 x - a wand of lightning (12/15)
 y - a wand of flame (23/48)
 G - a wand of paralysis (7/24)
Scrolls
 c - 2 scrolls of blinking
 e - 4 scrolls of teleportation
 i - 4 scrolls of remove curse
 l - a scroll of fog
 m - 3 scrolls of magic mapping
 n - a scroll of enchant armour
 v - 2 scrolls of fear
 F - a scroll of recharging
Potions
 h - a potion of mutation
 o - a potion of might
 p - a potion of flight
 u - 3 potions of heal wounds
 w - a potion of resistance
 B - a potion of cancellation {unknown}
Books
 D - Kikubaaqudgha's Handbook of Necromancy
   (Kikubaaqudgha gifted it to you on level 7 of the Dungeon)

   Spells                             Type                      Level
   a - Pain                           Necromancy                   1
   b - Corpse Rot                     Necromancy                   2
   c - Sublimation of Blood           Necromancy                   2
   d - Vampiric Draining              Necromancy                   3
   e - Control Undead                 Necromancy                   4
 E - a book of Conjurations

   Spells                             Type                      Level
   a - Magic Dart                     Conjuration                  1
   b - Searing Ray                    Conjuration                  2
   c - Dazzling Spray                 Conjuration/Hexes            3
   d - Fulminant Prism                Conjuration/Hexes            4
   e - Iskenderun's Mystic Blast      Conjuration                  4
   f - Iskenderun's Battlesphere      Conjuration/Charms           5
Comestibles
 f - 11 bread rations
 j - 5 fruits
 k - 3 slices of pizza
 q - 4 meat rations
 s - a royal jelly
 t - a beef jerky
 z - 4 chunks of flesh


   Skills:
 + Level 3.7 Fighting
 + Level 3.4 Throwing
 + Level 3.8 Dodging
 + Level 4.8 Unarmed Combat
 + Level 3.8 Spellcasting
 + Level 1.1 Hexes
 + Level 3.5 Charms
 + Level 2.4 Necromancy
 + Level 4.3 Translocations
 + Level 1.2 Evocations


You had one spell level left.
You knew the following spells:

 Your Spells              Type           Power        Failure   Level  Hunger
a - Pain                  Necr           #...         12%         1    #......
b - Shroud of Golubria    Chrm/Tloc      ##........   10%         2    ##.....
c - Confusing Touch       Hex            #.....       14%         1    #......
d - Blink                 Tloc           N/A          8%          2    ##.....
e - Apportation           Tloc           ##........   4%          1    #......
f - Portal Projectile     Tloc           ##....       14%         3    ###....
g - Passage of Golubria   Tloc           N/A          41%         4    #####..


Dungeon Overview and Level Annotations

Branches:
Dungeon (8/15)             Temple (1/1) D:6
   Lair: D:8-11

Altars:
Ashenzari
Cheibriados
Dithmenos
Elyvilon
Gozag
Hepliaklqana
Kikubaaqudgha
Makhleb
Nemelex Xobeh
Okawaru
Qazlal
Ru
Sif Muna
Trog
Uskayaw
Zin
Beogh

Shops:
D:5 [

Annotations:
D:1 Sigmund


Innate Abilities, Weirdness & Mutations

You are too large for most types of armour.
You have claws for hands.
Your metabolism is lightning-fast.
You like to eat raw meat.
Your natural rate of healing is unusually fast.
You are covered in fur. (AC +1)
You have very tough skin. (AC +2)


Message History

The two-headed ogre hits you with a giant club!
The two-headed ogre hits you with a giant club!!
* * * LOW HITPOINT WARNING * * *
You scratch the two-headed ogre but do no damage.
The two-headed ogre appears confused.
Your claws stop glowing.
You see here 29 stones.
You see here 29 stones.
There is a stone staircase leading up here.
The two-headed ogre misses you. The two-headed ogre barely misses you.
You climb upwards.
There is a stone staircase leading down here.
Casting: Confusing Touch
Confirm with . or Enter, or press ? or * to list all spells.
Space distorts slightly along a thin shroud covering your body.
The two-headed ogre hits you with a giant club!!
* * * LOW HITPOINT WARNING * * *
The two-headed ogre hits you with a giant club!
You die...
Kikubaaqudgha rasps: "You have failed me!
Welcome... death!"

# ##### # ###...#### ######## #
##...#....######......# #
#####...#####.............# #
#<.##...##O@####..........#
######...#...#...####..........#
....'##..#...#'.##..........#####
#####.###.....####.##.......'....
....#)....).............>...#####
....#......♣.......#.#..##### #..
....#..............#....# #..
###.#.###.....###......## #..
###.###.'#...#..###############..


You could see a two-headed ogre.

Vanquished Creatures
  A spriggan (D:7)
  Menkaure (D:6)
  An orc warrior (D:7)
  A black bear (D:8)
  3 ice beasts
  A necrophage (D:6)
  2 sky beasts
  4 ogres
  A centaur (D:7)
  2 bullfrogs (D:8)
  3 scorpions
  A water moccasin skeleton (D:6)
  A howler monkey (D:4)
  4 crimson imps
  A quasit (D:6)
  4 jellies
  2 hounds
  A bullfrog zombie (D:7)
  5 orc priests
  4 orc wizards
  4 iguanas
  6 worker ants
  A hound zombie (D:6)
  A hound skeleton (D:7)
  A howler monkey zombie (D:5)
  6 adders
  4 gnolls (D:5)
  2 shadow imps
  2 oozes
  A dart slug (D:5)
  2 worms
  5 leopard geckos
  14 orcs
  6 bats
  19 giant cockroaches
  11 goblins
  10 hobgoblins
  12 jackals
  4 kobolds
  10 quokkas
  2 ball pythons
  6 frilled lizards
  A quokka skeleton (D:6)
  10 rats
183 creatures vanquished.

Notes
Turn   | Place    | Note
-------+----------+-------------------------------------------
     0 | D:1      | Karnivor the Troll Warper began the quest for the Orb.
     0 | D:1      | Reached XP level 1. HP: 19/19 MP: 1/1
   183 | D:1      | Reached XP level 2. HP: 27/27 MP: 3/3
   216 | D:1      | Learned a level 2 spell: Shroud of Golubria
   646 | D:1      | Reached XP level 3. HP: 32/35 MP: 4/4
   825 | D:1      | Learned a level 2 spell: Blink
   974 | D:2      | Noticed Sigmund
  1096 | D:2      | You fall through a shaft!
  1287 | D:2      | Found a hide-covered altar of Uskayaw.
  1306 | D:2      | Found a white marble altar of Elyvilon.
  1310 | D:2      | Found a burning altar of Makhleb.
  1322 | D:2      | Found a stormy altar of Qazlal.
  1787 | D:3      | Reached XP level 4. HP: 39/42 MP: 5/5
  1949 | D:2      | Reached skill level 1 in Charms
  1980 | D:2      | Upgraded the game from 0.20-a0-296-gf222164 to 0.20-a0-299-gec7c366
  1984 | D:2      | Learned a level 3 spell: Portal Projectile
  2062 | D:3      | Reached XP level 5. HP: 41/49 MP: 7/7
  2515 | D:4      | Reached skill level 1 in Throwing
  2599 | D:4      | Reached XP level 6. HP: 42/57 MP: 8/8
  2671 | D:4      | Found a sacrificial altar of Ru.
  3183 | D:5      | Entered Level 5 of the Dungeon
  3191 | D:5      | Noticed an ice beast
  3231 | D:5      | Killed an ice beast
  3231 | D:5      | Reached XP level 7. HP: 37/66 MP: 5/9
  3300 | D:4      | Learned a level 4 spell: Passage of Golubria
  3339 | D:5      | Found Etetaap's Antique Armour Shoppe.
  4033 | D:5      | Reached XP level 8. HP: 52/74 MP: 8/11
  4152 | D:5      | Learned a level 1 spell: Apportation
  4154 | D:5      | Learned a level 1 spell: Confusing Touch
  4196 | D:6      | Noticed Menkaure
  4380 | D:6      | Killed Menkaure
  4419 | D:6      | Found a staircase to the Ecumenical Temple.
  4458 | Temple   | Entered the Ecumenical Temple
  4463 | Temple   | Became a worshipper of Kikubaaqudgha
  4639 | D:6      | Found a hazy altar of Hepliaklqana.
  4639 | D:6      | Found a shattered altar of Ashenzari.
  4680 | D:6      | Found an iron altar of Okawaru.
  4777 | D:6      | Reached skill level 1 in Necromancy
  5375 | D:7      | Reached XP level 9. HP: 81/81 MP: 9/13
  5470 | D:7      | Reached * piety under Kikubaaqudgha
  5470 | D:7      | Identified Kikubaaqudgha's Handbook of Necromancy (Kikubaaqudgha gifted it to you on level 7 of the Dungeon)
  5470 | D:7      | Received a gift from Kikubaaqudgha
  5494 | D:7      | Learned a level 1 spell: Pain
  5806 | D:7      | Reached skill level 1 in Hexes
  5980 | D:8      | Reached skill level 1 in Evocations
  6193 | D:8      | Found a roughly hewn altar of Beogh.
  6278 | D:8      | Found a stormy altar of Qazlal.
  6295 | D:8      | Noticed a two-headed ogre
  6496 | D:7      | Slain by a two-headed ogre

Vault maps used:
D:1:      lightli_arrival_windingriver
D:2:      nicolae_overflow_quartered_altars, uniq_sigmund
D:3:      minmay_roachtagon, first_bread
D:4:      nicolae_ru_awakened_eye
D:5:      serial_shops, shop
D:6:      okawaru_trees_1, amethyst_overflow_temple_binary, uniq_menkaure
D:7:      grunt_ministairs_6, the_bakery
D:8:      basic_altar, david_defended_altar_orc
Temple:   cyrus_circular_temple

Skill      XL: |  1  2  3  4  5  6  7  8  9 |
---------------+----------------------------+-----
Dodging        | 2 3 |  3.8
Spellcasting   | 2 3 |  3.8
Charms         | 1 2 3 |  3.5
Fighting       | 2 3 |  3.7
Unarmed Combat | 3 4 |  4.8
Throwing       | 1 2 3 |  3.4
Translocations | 3 4 |  4.3
Necromancy     | 1 2 |  2.4
Hexes          | 1 |  1.1
Evocations     | 1 |  1.2

Action                   |  1- 3 |  4- 6 |  7- 9 || total
-------------------------+-------+-------+-------++-------
Melee: Unarmed           |   132 |   173 |   365 ||   670
       Punch             |       |     1 |    11 ||    12
 Cast: Shroud of Golubri |     1 |     4 |    29 ||    34
       Blink             |     1 |       |     5 ||     6
       Confusing Touch   |       |       |    21 ||    21
       Pain              |       |       |    10 ||    10
  Use: Scroll            |     6 |     5 |     5 ||    16
 Stab: Sleeping          |     1 |       |       ||     1
       Confused          |       |       |     4 ||     4
  Eat: Chunk             |    22 |    13 |    34 ||    69
Armor: Robe              |    55 |    68 |   143 ||   266
Dodge: Dodged            |    65 |    82 |   216 ||   363
